 Dungeon Crawl Stone Soup version 0.21.1-1-g345015f (webtiles) character file.

104 Kairos the Shield-Bearer (level 4, 0/42 HPs)
             Began as a Deep Dwarf Fighter on Apr 25, 2018.
             Slain by a hobgoblin (2 damage)
             ... on level 3 of the Dungeon.
             The game lasted 00:03:06 (1599 turns).

Kairos the Shield-Bearer (Deep Dwarf Fighter)       Turns: 1599, Time: 00:03:07

Health: 0/42       AC:  9    Str: 19    XL:     4   Next: 52%
Magic:  4/4        EV:  8    Int:  9    God:
Gold:   85         SH:  9    Dex: 13    Spells: 3/3 levels left

rFire    . . .     SeeInvis .   a - +0 war axe
rCold    . . .     Gourm    .   c - +0 shield
rNeg     . . .     Faith    .   b - +0 scale mail
rPois    .         Spirit   .   (no helmet)
rElec    .         Reflect  .   (no cloak)
rCorr    .         Harm     .   o - +1 pair of gloves
MR       .....                  (no boots)
Stlth    ..........             (no amulet)
HPRegen  0.00/turn              (no ring)
MPRegen  0.09/turn              (no ring)

@: non-regenerating
A: damage resistance, heal wounds, sense surroundings 1, no regeneration
a: Heal Wounds


You were on level 3 of the Dungeon.
You were not hungry.

You visited 1 branch of the dungeon, and saw 3 of its levels.

You collected 85 gold pieces.

Inventory:

Hand Weapons
 a - a +0 war axe (weapon)
Missiles
 t - 6 tomahawks (quivered)
Armour
 b - a +0 scale mail (worn)
 c - a +0 shield (worn)
 o - a +1 pair of gloves (worn)
Scrolls
 m - a scroll of random uselessness {unknown}
 n - 2 scrolls of identify
 q - a scroll of blinking {unknown}
Potions
 d - a potion of might
 e - a potion of heal wounds {unknown}
 g - a potion of brilliance {unknown}
 h - 2 potions of lignification {unknown}
 i - a potion of degeneration {unknown}
 j - a potion of curing {unknown}
 k - 2 potions of haste {unknown}
 l - a potion of resistance {unknown}
 p - a potion of ambrosia {unknown}
 r - a potion of agility {unknown}
 s - a potion of mutation {unknown}
Comestibles
 f - 5 rations


   Skills:
 + Level 3.1 Fighting
 + Level 3.5 Axes
 + Level 3.7 Armour
 + Level 1.4 Dodging
 + Level 4.0 Shields


You had 3 spell levels left.
You didn't know any spells.

Dungeon Overview and Level Annotations

Branches:
Dungeon (3/15)

Altars:
Cheibriados
Trog


Innate Abilities, Weirdness & Mutations

You are resistant to damage.
You can heal yourself by infusing magical energy.
You passively map a small area around you.
You do not regenerate.


Message History

There is an escape hatch in the ceiling here.
A goblin and a hobgoblin come into view.
The goblin shouts!
The hobgoblin shouts!
The hobgoblin closely misses you.
There are monsters nearby!
You are too injured to fight recklessly!
You are too injured to fight recklessly!
You are too injured to fight recklessly!
You hit the hobgoblin but do no damage.
The hobgoblin hits you but does no damage.
You closely miss the hobgoblin. You block the hobgoblin's attack.
You closely miss the hobgoblin. You block the hobgoblin's attack.
You barely miss the goblin.
Your shield prevents you from hitting the hobgoblin.
The goblin hits you with a dagger. You block the hobgoblin's attack.
The goblin hits you but does no damage.
You closely miss the goblin.
Your shield and scale mail prevent you from hitting the hobgoblin.
The hobgoblin hits you.
You die...

, + + , * #.. , ,
**#.. * * * #.. ##
* #### ##. #. *,*
#..# ##. #.
#.#######.. #.*
#.......##.
#g#######<#####.##.
#g@.......#####.#..
#########..........
#######.#.# #..##
##†## #.## ##.##
##.## ##.#


You could see a hobgoblin and a goblin.

Vanquished Creatures
  An orc wizard (D:3)
  2 adders
  An ooze (D:2)
  2 worms
  2 leopard geckos
  4 orcs (D:3)
  5 bats
  2 giant cockroaches (D:1)
  5 goblins
  A hobgoblin (D:1)
  5 jackals (D:3)
  6 kobolds
  5 frilled lizards
  A quokka zombie (D:2)
  4 rats (D:2)
46 creatures vanquished.

Vanquished Creatures (others)
  A goblin (D:3)
  5 toadstools (D:1)
6 creatures vanquished.

Grand Total: 52 creatures vanquished

Notes
Turn   | Place    | Note
-------+----------+-------------------------------------------
     0 | D:1      | Kairos the Deep Dwarf Fighter began the quest for the Orb.
     0 | D:1      | Reached XP level 1. HP: 20/20 MP: 1/1
   147 | D:1      | Reached XP level 2. HP: 21/27 MP: 2/2
   803 | D:2      | Found a bloodstained altar of Trog.
   803 | D:2      | Found a snail-covered altar of Cheibriados.
   884 | D:2      | Reached XP level 3. HP: 17/34 MP: 3/3
  1321 | D:3      | Reached skill level 1 in Dodging
  1408 | D:3      | Reached XP level 4. HP: 6/42 MP: 4/4
  1414 | D:3      | Reached skill level 4 in Shields
  1488 | D:3      | HP: 2/42 [orc/trident (1)]
  1599 | D:3      | Slain by a hobgoblin

Skill      XL: |  1  2  3  4 |
---------------+-------------+-----
Fighting       | 3 |  3.1
Dodging        | 1 |  1.4
Axes           | 3 |  3.5
Shields        | 4 |  4.0
Armour         | |  3.7

Action                   |  1- 3 |  4- 6 || total
-------------------------+-------+-------++-------
Melee: War axe           |   137 |    28 ||   165
Throw: Tomahawk          |       |     3 ||     3
  Use: Scroll            |     2 |       ||     2
  Eat: Ration            |     1 |       ||     1
Armor: Scale mail        |    60 |    13 ||    73
Dodge: Dodged            |    37 |     9 ||    46
Block: Shield            |    70 |    18 ||    88
